| TOP OF THE 1ST |
|
Manchester Fisher Cats batting - Pitching for Elmira Pioneers : RHP Dwayne Henry
|
|
Pitching: RHP Dwayne Henry
|
|
|
Batting: SHB Danny Hernandez
|
0-0: Ball 1-0: Foul Ball, location: 2F 1-1: Ground out 4-3 (Groundball, 4, EV 96.3 MPH)
|
|
Batting: LHB Tim Derryberry
|
0-0: Called Strike 0-1: Foul Ball, location: 2F 0-2: Ball 1-2: Strikes out swinging
|
|
Batting: SHB Stan Javier
|
0-0: Ball 1-0: Foul Ball, location: 2F 1-1: Foul Ball, location: 2F 1-2: Strikes out swinging
|
| Top of the 1st over - 0 runs, 0 hits, 0 errors, 0 left on base; Manchester 0 - Elmira 0 |
| BOTTOM OF THE 1ST |
|
Elmira Pioneers batting - Pitching for Manchester Fisher Cats : LHP Chuck Dougherty
|
|
Pitching: LHP Chuck Dougherty
|
|
|
Batting: RHB Ken Dowell
|
0-0: Ball 1-0: Ball 2-0: Ball 3-0: Called Strike 3-1: Swinging Strike 3-2: SINGLE (Line Drive, 89S, EV 100.0 MPH)
|
|
Batting: RHB Mark Wasinger
|
0-0: Ball 1-0: Foul Ball, location: 2F 1-1: Called Strike 1-2: Strikes out swinging
|
|
Batting: RHB Richard Givens
|
0-0: Called Strike 0-1: Ball 1-1: Ball 2-1: Ball 3-1: Base on Balls Ken Dowell to second
|
|
Batting: RHB Frank LaBella
|
0-0: Called Strike 0-1: Ball 1-1: Swinging Strike 1-2: Ball 2-2: Strikes out swinging
|
|
Batting: RHB Edwin Rodriguez
|
0-0: Foul Ball, location: 2F 0-1: Called Strike 0-2: SINGLE (Line Drive, 7S, EV 95.0 MPH) Ken Dowell to third Richard Givens to second Runner from 3rd tries for Home, SAFE, throw by LF to home
|
|
Batting: SHB Esteban Mendez
|
0-0: Ball 1-0: Called Strike 1-1: Swinging Strike 1-2: Ball 2-2: Ground out 3-1 (Groundball, 34S, EV 88.1 MPH)
|
| Bottom of the 1st over - 1 run, 2 hits, 0 errors, 2 left on base; Manchester 0 - Elmira 1 |
| TOP OF THE 2ND |
|
Manchester Fisher Cats batting - Pitching for Elmira Pioneers : RHP Dwayne Henry
|
|
Batting: RHB Joe Citari
|
0-0: Called Strike 0-1: Called Strike 0-2: Strikes out swinging
|
|
Batting: LHB Jessie Reid
|
0-0: Ball 1-0: Ball 2-0: Called Strike 2-1: Foul Ball, location: 2F 2-2: Strikes out looking
|
|
Batting: LHB Herbert Orensky
|
0-0: Ball 1-0: Swinging Strike 1-1: Swinging Strike 1-2: Strikes out looking
|
| Top of the 2nd over - 0 runs, 0 hits, 0 errors, 0 left on base; Manchester 0 - Elmira 1 |
| BOTTOM OF THE 2ND |
|
Elmira Pioneers batting - Pitching for Manchester Fisher Cats : LHP Chuck Dougherty
|
|
Batting: LHB Juan Flores
|
0-0: Ground out 4-3 (Groundball, 4, EV 85.6 MPH)
|
|
Batting: RHB Greg Keatley
|
0-0: Called Strike 0-1: Fly out, F7 (Line Drive, 7, EV 102.5 MPH)
|
|
Batting: SHB Michael Reeder
|
0-0: Ground out 6-3 (Groundball, 6, EV 84.4 MPH)
|
| Bottom of the 2nd over - 0 runs, 0 hits, 0 errors, 0 left on base; Manchester 0 - Elmira 1 |
| TOP OF THE 3RD |
|
Manchester Fisher Cats batting - Pitching for Elmira Pioneers : RHP Dwayne Henry
|
|
Batting: LHB Mel Hall
|
0-0: SINGLE (Groundball, 6MD, EV 96.3 MPH)
|
|
Batting: RHB Kevin Darst
|
0-0: Ball 1-0: Called Strike 1-1: Swinging Strike 1-2: Ball 2-2: Strikes out swinging
|
|
Batting: RHB Reymundo Estevez
|
0-0: Ball 1-0: Called Strike 1-1: Foul Ball, location: 2F 1-2: Ball 2-2: Strikes out swinging
|
|
Batting: SHB Danny Hernandez
|
0-0: Foul Ball, location: 2F 0-1: Foul Ball, location: 2F 0-2: Strikes out looking
|
| Top of the 3rd over - 0 runs, 1 hit, 0 errors, 1 left on base; Manchester 0 - Elmira 1 |
| BOTTOM OF THE 3RD |
|
Elmira Pioneers batting - Pitching for Manchester Fisher Cats : LHP Chuck Dougherty
|
|
Batting: RHB Ken Dowell
|
0-0: Ball 1-0: Fly out, F7 (Flyball, 78D, EV 97.5 MPH)
|
|
Batting: RHB Mark Wasinger
|
0-0: Called Strike 0-1: Ball 1-1: Swinging Strike 1-2: Ball 2-2: Ball 3-2: Base on Balls
|
|
Batting: RHB Richard Givens
|
0-0: Ball 1-0: Called Strike Mark Wasinger steals 2nd base 1-1: Foul Ball, location: 2F 1-2: Ball 2-2: Strikes out looking
|
|
Batting: RHB Frank LaBella
|
0-0: Called Strike 0-1: Ball 1-1: Ball 2-1: Called Strike 2-2: Foul Ball, location: 2F 2-2: Foul Ball, location: 2F 2-2: SINGLE (Groundball, 4MD, EV 99.4 MPH) Mark Wasinger to third Runner from 3rd tries for Home, SAFE, throw by CF to home
|
|
Batting: RHB Edwin Rodriguez
|
0-0: Ball 1-0: Called Strike 1-1: Ball 2-1: Swinging Strike 2-2: Fly out, F8 (Flyball, 8RD, EV 100.6 MPH)
|
| Bottom of the 3rd over - 1 run, 1 hit, 0 errors, 1 left on base; Manchester 0 - Elmira 2 |
| TOP OF THE 4TH |
|
Manchester Fisher Cats batting - Pitching for Elmira Pioneers : RHP Dwayne Henry
|
|
Batting: LHB Tim Derryberry
|
0-0: Ball 1-0: Ball 2-0: Ball 3-0: Called Strike 3-1: Base on Balls
|
|
Batting: SHB Stan Javier
|
0-0: Ball 1-0: Called Strike 1-1: Ball 2-1: Fly out, F8 (Flyball, 8LM, EV 78.8 MPH)
|
|
Batting: RHB Joe Citari
|
0-0: Ball 1-0: Foul Ball, location: 2F 1-1: Foul Ball, location: 2F 1-2: Fielders Choice at 2nd, 1-6 (Groundball, 13, EV 73.8 MPH)
|
|
Batting: LHB Jessie Reid
|
0-0: Ball 1-0: Ball 2-0: Foul Ball, location: 2F 2-1: Ball 3-1: Ground out 1-3 (Groundball, 13S, EV 70.6 MPH)
|
| Top of the 4th over - 0 runs, 0 hits, 0 errors, 1 left on base; Manchester 0 - Elmira 2 |
| BOTTOM OF THE 4TH |
|
Elmira Pioneers batting - Pitching for Manchester Fisher Cats : LHP Chuck Dougherty
|
|
Batting: SHB Esteban Mendez
|
0-0: Ball 1-0: Fly out, F4 (Popup, 13, EV 80.6 MPH)
|
|
Batting: LHB Juan Flores
|
0-0: Ball 1-0: Ground out 6-3 (Groundball, 6, EV 79.4 MPH)
|
|
Batting: RHB Greg Keatley
|
0-0: Called Strike 0-1: Swinging Strike 0-2: Foul Ball, location: 2F 0-2: Ball 1-2: Strikes out looking
|
| Bottom of the 4th over - 0 runs, 0 hits, 0 errors, 0 left on base; Manchester 0 - Elmira 2 |
| TOP OF THE 5TH |
|
Manchester Fisher Cats batting - Pitching for Elmira Pioneers : RHP Dwayne Henry
|
|
Batting: LHB Herbert Orensky
|
0-0: Ball 1-0: Ball 2-0: SINGLE (Groundball, 3D, EV 93.8 MPH)
|
|
Batting: LHB Mel Hall
|
0-0: 2-RUN HOME RUN (Flyball, 89XD, EV 101.9 MPH), Distance : 385 ft
|
|
Batting: RHB Kevin Darst
|
0-0: Ball 1-0: Ball 2-0: Ball 3-0: Base on Balls
|
|
Batting: RHB Reymundo Estevez
|
0-0: Ball 1-0: Ball 2-0: Bunt missed! 2-1: Sac Bunt to 13S - play at first, batter OUT! 1-4 Kevin Darst to second
|
|
Batting: SHB Danny Hernandez
|
0-0: Swinging Strike 0-1: Ball 1-1: Ball 2-1: Foul Ball, location: 2F 2-2: Ball 3-2: Strikes out swinging
|
|
Batting: LHB Tim Derryberry
|
0-0: Foul Ball, location: 2F 0-1: Swinging Strike 0-2: Foul Ball, location: 2F 0-2: Ball 1-2: TRIPLE (Flyball, 9LD, EV 100.6 MPH) Kevin Darst scores
|
|
Batting: SHB Stan Javier
|
0-0: Ball 1-0: Swinging Strike 1-1: Foul Ball, location: 2F 1-2: 2-RUN HOME RUN (Flyball, 89XD, EV 106.9 MPH), Distance : 437 ft
|
|
Pitching: RHP Gregory Wilkes
|
|
|
Batting: RHB Joe Citari
|
0-0: Fly out, F7 (Flyball, 7S, EV 93.8 MPH)
|
| Top of the 5th over - 5 runs, 4 hits, 0 errors, 0 left on base; Manchester 5 - Elmira 2 |
| BOTTOM OF THE 5TH |
|
Elmira Pioneers batting - Pitching for Manchester Fisher Cats : LHP Chuck Dougherty
|
|
Batting: SHB Michael Reeder
|
0-0: Ball 1-0: Ball 2-0: Ball 3-0: Called Strike 3-1: Base on Balls
|
|
Batting: RHB Ken Dowell
|
0-0: Ball 1-0: Ground out 4-3 (Groundball, 34, EV 103.8 MPH) Michael Reeder to second
|
|
Batting: RHB Mark Wasinger
|
0-0: DOUBLE (Flyball, 8RXD, EV 103.1 MPH) Michael Reeder scores
|
|
Batting: RHB Richard Givens
|
0-0: Ball 1-0: Ball 2-0: Foul Ball, location: 2F 2-1: Ground out 5-3 (Groundball, 5, EV 106.9 MPH)
|
|
Batting: RHB Frank LaBella
|
0-0: Fly out, F9 (Flyball, 89S, EV 91.9 MPH)
|
| Bottom of the 5th over - 1 run, 1 hit, 0 errors, 1 left on base; Manchester 5 - Elmira 3 |
| TOP OF THE 6TH |
|
Manchester Fisher Cats batting - Pitching for Elmira Pioneers : RHP Gregory Wilkes
|
|
Batting: LHB Jessie Reid
|
0-0: Foul Ball, location: 2F 0-1: Foul Ball, location: 2F 0-2: Strikes out swinging
|
|
Batting: LHB Herbert Orensky
|
0-0: Fly out, F7 (Flyball, 78XD, EV 100.0 MPH)
|
|
Batting: LHB Mel Hall
|
0-0: Called Strike 0-1: SOLO HOME RUN (Flyball, 9D, EV 110.6 MPH), Distance : 375 ft
|
|
Batting: RHB Kevin Darst
|
0-0: Swinging Strike 0-1: Ball 1-1: Called Strike 1-2: Foul Ball, location: 2F 1-2: Foul Ball, location: 2F 1-2: Foul Ball, location: 2F 1-2: Ball 2-2: Foul Ball, location: 2F 2-2: Strikes out looking
|
| Top of the 6th over - 1 run, 1 hit, 0 errors, 0 left on base; Manchester 6 - Elmira 3 |
| BOTTOM OF THE 6TH |
|
Elmira Pioneers batting - Pitching for Manchester Fisher Cats : LHP Chuck Dougherty
|
|
Batting: RHB Edwin Rodriguez
|
0-0: Ball 1-0: Ball 2-0: Called Strike 2-1: Ball 3-1: Base on Balls
|
|
Batting: SHB Esteban Mendez
|
0-0: SINGLE (Groundball, 4MS, EV 70.6 MPH) (infield hit) Edwin Rodriguez to second
|
|
Batting: LHB Juan Flores
|
0-0: Fly out, F8 (Flyball, 8LD, EV 94.4 MPH)
|
|
Batting: RHB Greg Keatley
|
0-0: Ball 1-0: Ball 2-0: Foul Ball, location: 2F 2-1: Called Strike Edwin Rodriguez steals 3rd base (no throw) 2-2: Ball 3-2: Foul Ball, location: 2F 3-2: Foul Ball, location: 2F 3-2: Foul Ball, location: 2F 3-2: Ground out 5-3 (Groundball, 5, EV 105.6 MPH) Esteban Mendez to second
|
|
Batting: SHB Michael Reeder
|
0-0: Called Strike 0-1: Ball 1-1: Ball 2-1: Ball 3-1: Base on Balls
|
|
Batting: RHB Ken Dowell
|
0-0: Swinging Strike 0-1: Ball 1-1: Swinging Strike 1-2: Strikes out swinging
|
| Bottom of the 6th over - 0 runs, 1 hit, 0 errors, 3 left on base; Manchester 6 - Elmira 3 |
| TOP OF THE 7TH |
|
Manchester Fisher Cats batting - Pitching for Elmira Pioneers : RHP Gregory Wilkes
|
|
Batting: RHB Reymundo Estevez
|
0-0: SINGLE (Line Drive, 8LM, EV 102.5 MPH)
|
|
Batting: SHB Danny Hernandez
|
0-0: Bunted foul 0-1: Ball 1-1: Sac Bunt to 5S - play at first, batter OUT! 5-4 Reymundo Estevez to second
|
|
Batting: LHB Tim Derryberry
|
0-0: Called Strike 0-1: Foul Ball, location: 2F 0-2: Foul Ball, location: 2F 0-2: Foul Ball, location: 2F 0-2: Ball 1-2: Ball 2-2: Foul Ball, location: 2F 2-2: Ball 3-2: Fly out, F5 (Popup, 25F, EV 88.8 MPH)
|
|
Batting: SHB Stan Javier
|
0-0: Ground out 1-3 (Groundball, 15S, EV 66.3 MPH)
|
| Top of the 7th over - 0 runs, 1 hit, 0 errors, 1 left on base; Manchester 6 - Elmira 3 |
| BOTTOM OF THE 7TH |
|
Elmira Pioneers batting - Pitching for Manchester Fisher Cats : LHP Chuck Dougherty
|
|
Batting: RHB Mark Wasinger
|
0-0: Ball 1-0: Ball 2-0: Ground out 6-3 (Groundball, 6, EV 85.6 MPH)
|
|
Batting: RHB Richard Givens
|
0-0: Swinging Strike 0-1: Swinging Strike 0-2: Foul Ball, location: 2F 0-2: Ball 1-2: Strikes out looking
|
|
Batting: RHB Frank LaBella
|
0-0: Foul Ball, location: 2F 0-1: Foul Ball, location: 2F 0-2: Ball 1-2: Ground out 4-3 (Groundball, 4, EV 106.9 MPH)
|
| Bottom of the 7th over - 0 runs, 0 hits, 0 errors, 0 left on base; Manchester 6 - Elmira 3 |
| TOP OF THE 8TH |
|
Manchester Fisher Cats batting - Pitching for Elmira Pioneers : RHP Gregory Wilkes
|
|
Batting: RHB Joe Citari
|
0-0: Swinging Strike 0-1: Swinging Strike 0-2: Strikes out swinging
|
|
Batting: LHB Jessie Reid
|
0-0: SINGLE (Flyball, 5D, EV 98.1 MPH)
|
|
Batting: LHB Herbert Orensky
|
0-0: Ball 1-0: Called Strike Jessie Reid steals 2nd base 1-1: Ball Passed Ball! Jessie Reid to third 2-1: Called Strike 2-2: Fly out, F7 (Flyball, 7D, EV 96.3 MPH) Runner from 3rd tags up, SCORES, no throw by LF
|
|
Batting: LHB Mel Hall
|
0-0: Called Strike 0-1: Ball 1-1: Foul Ball, location: 2F 1-2: Foul Ball, location: 2F 1-2: Ball 2-2: Ball 3-2: Base on Balls
|
|
Batting: RHB Kevin Darst
|
0-0: Called Strike 0-1: Ball 1-1: Ball 2-1: Ball 3-1: Swinging Strike 3-2: Base on Balls Mel Hall to second
|
|
Batting: RHB Reymundo Estevez
|
0-0: Ball 1-0: Called Strike 1-1: Ball 2-1: Ball 3-1: Fly out, F9 (Flyball, 9, EV 81.3 MPH)
|
| Top of the 8th over - 1 run, 1 hit, 0 errors, 2 left on base; Manchester 7 - Elmira 3 |
| BOTTOM OF THE 8TH |
|
Elmira Pioneers batting - Pitching for Manchester Fisher Cats : LHP Chuck Dougherty
|
|
Batting: RHB Edwin Rodriguez
|
0-0: Ball 1-0: Foul Ball, location: 2F 1-1: Ball 2-1: Ball 3-1: Called Strike 3-2: Foul Ball, location: 2F 3-2: Foul Ball, location: 2F 3-2: Base on Balls
|
|
Pitching: RHP Stephen Marsden
|
|
|
Batting: SHB Esteban Mendez
|
0-0: SINGLE (Line Drive, 6MD, EV 96.9 MPH) Edwin Rodriguez to second
|
|
Batting: LHB Juan Flores
|
0-0: Called Strike 0-1: Ball 1-1: Ball 2-1: Called Strike 2-2: Fly out, F9 (Flyball, 9, EV 90.6 MPH) Runner from 2nd tags up, SAFE at 3rd with throw by RF
|
|
Batting: RHB Greg Keatley
|
0-0: Ball 1-0: Foul Ball, location: 2F 1-1: Ground out 5-3 (Groundball, 56, EV 97.5 MPH) Esteban Mendez to second
|
|
Batting: SHB Michael Reeder
|
0-0: Ball 1-0: Foul Ball, location: 2F 1-1: Called Strike 1-2: Fly out, F8 (Line Drive, 8LD, EV 87.5 MPH)
|
| Bottom of the 8th over - 0 runs, 1 hit, 0 errors, 2 left on base; Manchester 7 - Elmira 3 |
| TOP OF THE 9TH |
|
Manchester Fisher Cats batting - Pitching for Elmira Pioneers : RHP Gregory Wilkes
|
|
Batting: SHB Danny Hernandez
|
0-0: Ball 1-0: Fly out, F4 (Popup, 23, EV 83.8 MPH)
|
|
Batting: LHB Tim Derryberry
|
0-0: Ball 1-0: Called Strike 1-1: Ball 2-1: Ball 3-1: Foul Ball, location: 2F 3-2: Base on Balls
|
|
Pitching: RHP Jim Siwy
|
|
|
Batting: SHB Stan Javier
|
0-0: Swinging Strike 0-1: Ball 1-1: Foul Ball, location: 2F 1-2: Ball 2-2: Strikes out looking
|
|
Batting: RHB Joe Citari
|
0-0: Ball 1-0: Called Strike 1-1: Ball 2-1: Swinging Strike 2-2: Foul Ball, location: 2F 2-2: Strikes out swinging
|
| Top of the 9th over - 0 runs, 0 hits, 0 errors, 1 left on base; Manchester 7 - Elmira 3 |
| BOTTOM OF THE 9TH |
|
Elmira Pioneers batting - Pitching for Manchester Fisher Cats : RHP Stephen Marsden
|
|
Batting: RHB Ken Dowell
|
0-0: Called Strike 0-1: Ground out 4-3 (Groundball, 4, EV 86.9 MPH)
|
|
Batting: RHB Mark Wasinger
|
0-0: Ball 1-0: Called Strike 1-1: Foul Ball, location: 2F 1-2: Ball 2-2: Ball 3-2: Base on Balls
|
|
Batting: RHB Richard Givens
|
0-0: Called Strike 0-1: Foul Ball, location: 2F 0-2: Fly out, F8 (Flyball, 8RM, EV 95.0 MPH)
|
|
Batting: RHB Frank LaBella
|
0-0: Ball 1-0: Ball Wild Pitch! Mark Wasinger to second 2-0: Fly out, F3 (Popup, 3SF, EV 66.9 MPH)
|
| Bottom of the 9th over - 0 runs, 0 hits, 0 errors, 1 left on base; Manchester 7 - Elmira 3 |
|